 Dungeon Crawl Stone Soup version 0.24.1-1-gd1d2a07e1b (webtiles) character file.

Game seed: 1418063282189235014, levelgen mode: deterministic

1191 Gabide the Poker (level 8, -2/61 HPs)
             Began as a Human Fighter on Apr 9, 2020.
             Was an Initiate of Gozag.
             Slain by an orc warrior
             ... wielding a +0 halberd
              (21 damage)
             ... on level 6 of the Dungeon.
             The game lasted 00:14:41 (5599 turns).

Gabide the Poker (Human Fighter)                    Turns: 5599, Time: 00:14:43

Health: -2/61      AC:  8    Str: 24    XL:     8   Next: 71%
Magic:  8/8        EV: 14    Int:  9    God:    Gozag
Gold:   204        SH: 11    Dex: 17    Spells: 7/7 levels left

rFire    . . .     SeeInvis .   a - +3 trident
rCold    . . .     Gourm    .   c - +0 shield
rNeg     . . .     Faith    .   b - +0 scale mail
rPois    .         Spirit   .   (no helmet)
rElec    .         Reflect  .   (no cloak)
rCorr    .         Harm     .   (no gloves)
MR       .....                  k - +0 pair of boots
Stlth    ++........             (no amulet)
HPRegen  0.20/turn              (no ring)
MPRegen  0.11/turn              (no ring)

@: mighty, agile, lethally poisoned (-2 -> -9), gold aura
A: no striking features
a: Potion Petition, Call Merchant, Bribe Branch, Renounce Religion


You were on level 6 of the Dungeon.
You worshipped Gozag.
Gozag was aware of your devotion.
You were very hungry.

You visited 2 branches of the dungeon, and saw 7 of its levels.

You collected 326 gold pieces.
You paid 122 gold pieces to Gozag.

Inventory:

Hand Weapons
 a - a +3 trident (weapon)
Missiles
 h - 114 stones (quivered)
Armour
 b - a +0 scale mail (worn)
 c - a +0 shield (worn)
 k - a +0 pair of boots (worn)
 n - a cursed +0 chain mail
Jewellery
 j - an uncursed amulet of magic regeneration
Wands
 v - a wand of scattershot (4)
Scrolls
 g - a scroll of amnesia {unknown}
 i - a scroll of fog
 m - 8 scrolls of remove curse
 o - 2 scrolls of identify
 r - 2 scrolls of enchant armour {unknown}
 s - 2 scrolls of teleportation
 t - 4 scrolls of immolation {unknown}
 w - a scroll of magic mapping {unknown}
Potions
 e - 2 potions of berserk rage {unknown}
 l - 2 potions of flight {unknown}
 p - a potion of lignification {unknown}
 q - a potion of curing
 x - a potion of haste
Comestibles
 f - 14 rations


   Skills:
 + Level 4.5 Fighting
 + Level 6.3 Polearms
 + Level 0.8 Throwing
 + Level 5.3 Armour
 + Level 2.0 Dodging
 + Level 1.1 Stealth
 + Level 5.1 Shields
 + Level 0.1 Evocations


You had 7 spell levels left.
You didn't know any spells.
Your spell library contained the following spells:

 Spells                   Type           Power        Failure   Level  Hunger
 Magic Dart               Conj           #...         98%         1    ##.....
 Searing Ray              Conj           #.....       99%         2    ###....
 Dazzling Spray           Conj/Hex       #.....       100%        3    ####...
 Force Lance              Conj/Tloc      #.......     100%        4    #####..
 Fulminant Prism          Conj/Hex       #.........   100%        4    #####..
 Iskenderun's Mystic Bla  Conj           #.......     100%        4    #####..


Dungeon Overview and Level Annotations

Branches:
Dungeon (6/15)             Temple (1/1) D:6

Altars:
Dithmenos
Fedhas
Gozag
Okawaru
Ru
Trog
Uskayaw
Vehumet
Yredelemnul
Zin
The Shining One

Shops:
D:4 :


Message History

You closely miss the water moccasin.
The water moccasin is severely wounded.
You feel sick. You block the water moccasin's attack.
The centaur skeleton hits you but does no damage.
The shadow imp barely misses you.
The water moccasin becomes distracted by the nearby gold, dreaming of imaginary riches.
The orc warrior hits you from afar with a +0 halberd!
* * * LOW HITPOINT WARNING * * *
The centaur skeleton hits you but does no damage.
The shadow imp barely misses you.
The water moccasin hisses angrily.
You miss the water moccasin.
The water moccasin is no longer distracted by gold.
The water moccasin is severely wounded.
You block the water moccasin's attack.
You block the centaur skeleton's attack.
You block the water moccasin's attack.
The orc warrior hits you from afar with a +0 halberd!!
You die...
Your body crumbles into a pile of gold.

#....#...#..........>#...#....
#....#...#...........+...#....
#....#...#...........#+###....
+....#...#.....#####.....##'##
#....#...#....##.8.##.........
#....#...#....#$($$.#.........
#....#..>####.'.$..8#.........
+....#.......5S._8.∩#.........
#....#.......@Z$$..8#.........
#....#...##...#o..$∩#.........
####'#######'#.##.8∩#######....
+.....#....#..#.#####.# #....
#.....'....#..#.......# #....
#.....#...##..#.......# #....
#######...##..#.......# #....
#.......#.......# #....
######..#.......# #....


You could see an orc warrior, a water moccasin, a shadow imp and a centaur
skeleton.

Vanquished Creatures
  The ghost of Peloso the Shield-Bearer, an amateur MiFi (D:6)
  An ogre (D:6)
  A centaur (D:3)
  A bullfrog (D:6)
  A scorpion (D:6)
  A howler monkey (D:5)
  4 crimson imps (D:5)
  A centaur zombie (D:6)
  An orc priest (D:4)
  A jelly (D:5)
  A bullfrog skeleton (D:5)
  A hound (D:6)
  3 orc wizards
  A centaur skeleton (D:5)
  An iguana (D:4)
  2 worker ants
  2 hound skeletons (D:4)
  11 adders
  A shadow imp (D:5)
  2 oozes
  An adder skeleton (D:5)
  2 worms (D:3)
  2 dart slugs (D:2)
  2 leopard geckos
  20 orcs
  5 giant cockroaches
  9 goblins
  8 hobgoblins
  6 jackals
  10 kobolds
  3 quokkas
  4 bats
  2 frilled lizards
  A leopard gecko zombie (D:5)
  A quokka skeleton (D:5)
  A quokka zombie (D:6)
  13 rats
128 creatures vanquished.

Vanquished Creatures (others)
  2 plants (D:2)
2 creatures vanquished.

Grand Total: 130 creatures vanquished

Notes
Turn   | Place    | Note
-------+----------+-------------------------------------------
     0 | D:1      | Gabide the Human Fighter began the quest for the Orb.
     0 | D:1      | Reached XP level 1. HP: 18/18 MP: 1/1
   195 | D:1      | Reached XP level 2. HP: 24/24 MP: 2/2
   520 | D:1      | Reached XP level 3. HP: 26/29 MP: 3/3
  1079 | D:2      | Reached XP level 4. HP: 30/35 MP: 4/4
  1841 | D:3      | Reached skill level 3 in Polearms
  1916 | D:3      | Reached XP level 5. HP: 37/41 MP: 5/5
  2041 | D:3      | Noticed a centaur
  2061 | D:3      | Killed a centaur
  2331 | D:3      | Reached XP level 6. HP: 47/47 MP: 6/6
  2346 | D:3      | Reached skill level 4 in Polearms
  2425 | D:3      | Found a basalt altar of Yredelemnul.
  3373 | D:4      | Found Sizenk's Book Emporium.
  3500 | D:4      | Reached XP level 7. HP: 52/52 MP: 7/7
  3509 | D:4      | Reached skill level 1 in Dodging
  3826 | D:5      | Entered Level 5 of the Dungeon
  3880 | D:5      | Reached skill level 5 in Polearms
  4231 | D:5      | Reached XP level 8. HP: 55/60 MP: 8/8
  4962 | D:6      | Reached skill level 1 in Stealth
  5127 | D:6      | Found a runed translucent gate.
  5128 | D:6      | Found a runed translucent gate.
  5183 | D:6      | Found a staircase to the Ecumenical Temple.
  5189 | Temple   | Entered the Ecumenical Temple
  5248 | Temple   | Became a worshipper of Gozag Ym Sagoz the Greedy
  5377 | D:6      | Reached skill level 5 in Armour
  5446 | D:6      | Found a runed translucent gate.
  5447 | D:6      | Found an opulent altar of Gozag.
  5448 | D:6      | Noticed Peloso's ghost (amateur MiFi)
  5503 | D:6      | Reached skill level 6 in Polearms
  5536 | D:6      | Reached skill level 5 in Shields
  5595 | D:6      | Killed Peloso's ghost
  5599 | D:6      | Slain by an orc warrior

Levels and vault maps discovered:
D:1:      minmay_arrival_radiant_lines, layout_basic,
          chequers_serial_rivers_micro_e, chequers_big_river,
          kennysheep_decorative_pillar, nrook_campfire
D:2:      layout_rooms, lexackson_kobold_supper
D:3:      layout_basic, old_standard_altar, first_ration
D:4:      layout_loops_ring, serial_shops,
          nicolae_shop_competitors_out_of_business
D:5:      layout_layer_cave
D:6:      layout_gridville, minmay_temple_entry_enclosed_plants,
          ebering_ghost_gozag
Temple:   minmay_crystal_snake_temple

Skill      XL: |  1  2  3  4  5  6  7  8 |
---------------+-------------------------+-----
Polearms       | 3 4 5 6 |  6.3
Shields        | 4 5 |  5.1
Armour         | 4 5 |  5.3
Dodging        | 1 2 |  2.0
Fighting       | 4 |  4.5
Stealth        | 1 |  1.1
Throwing       | |  0.8
Evocations     | |  0.1

Action                   |  1- 3 |  4- 6 |  7- 9 || total
-------------------------+-------+-------+-------++-------
Melee: Trident           |   116 |   256 |   164 ||   536
Throw: Stone             |    12 |    22 |     7 ||    41
Invok: Potion Petition   |       |       |     1 ||     1
Evoke: Wand              |       |       |     1 ||     1
  Use: Scroll            |     2 |     6 |     1 ||     9
       Potion            |       |     4 |     1 ||     5
  Eat: Chunk             |     1 |     7 |     3 ||    11
       Ration            |       |       |     1 ||     1
Armor: Scale mail        |    65 |    99 |    60 ||   224
Dodge: Dodged            |    38 |    60 |    60 ||   158
Block: Shield            |    44 |   106 |    92 ||   242
